 Dungeon Crawl Stone Soup version 0.29-a0-352-g0917bc69df (webtiles) character file.

Game seed: 4175329309890858680

7 spaghetti the Caller (level 2, -1/24 HPs)
             Began as an Ogre Summoner on Apr 23, 2022.
             Killed from afar by a dart slug (3 damage)
             ... with a slug dart
             ... on level 1 of the Dungeon.
             The game lasted 00:02:06 (836 turns).

spaghetti the Caller (Ogre Summoner)                 Turns: 836, Time: 00:02:07

Health: -1/24      AC:  3    Str: 11    XL:     2   Next: 4%
Magic:  4/5        EV:  9    Int: 16    God:
Gold:   30         SH:  0    Dex:  9    Spells: 4/5 levels left

rFire   . . .      SeeInvis .   (no weapon)
rCold   . . .      Faith    .   (no shield)
rNeg    . . .      Spirit   .   a - +0 robe
rPois   .          Reflect  .   (helmet restricted)
rElec   .          Harm     .   (no cloak)
rCorr   .          Rampage  .   (gloves unavailable)
Will    .....                   (boots unavailable)
Stlth   +.........              (no amulet)
HPRegen 0.08/turn               (no ring)
MPRegen 0.09/turn               (no ring)

@: mighty, attractive, flying
A: large, unfitting armour, tough skin 1
a: no special abilities


You were on level 1 of the Dungeon.
You visited 1 branch of the dungeon, and saw 1 of its levels.

You collected 30 gold pieces.


Innate Abilities, Weirdness & Mutations

You are too large for most types of armour.
You have tough skin. (AC +1)


   Skills:
 - Level 1.7 Dodging
 - Level 1.4 Stealth
 - Level 2.4 Spellcasting
 + Level 4.0 Summonings
 * Level 0.1 Evocations


You had 4 spell levels left.
You knew the following spells:

 Your Spells              Type           Power      Damage    Failure   Level
a - Summon Small Mammal   Summ           56%        N/A       3%          1

Your spell library contained the following spells:

 Spells                   Type           Power      Damage    Failure   Level
 Call Imp                 Summ           14%        N/A       6%          2
 Call Canine Familiar     Summ           14%        N/A       12%         3
 Summon Guardian Golem    Hex/Summ       8%         N/A       26%         3
 Summon Lightning Spire   Summ/Air       8%         N/A       65%         4

Inventory:

Hand Weapons
 e - a +0 dagger {short}
   (You found it on level 1 of the Dungeon)
 f - a +0 dagger {short}
   (You took it off a goblin on level 1 of the Dungeon)
 j - a +0 short sword {short}
   (You found it on level 1 of the Dungeon)
 m - a +0 short sword {short}
   (You found it on level 1 of the Dungeon)
 o - a +0 dagger {short}
   (You took it off a kobold on level 1 of the Dungeon)
Missiles
 p - 11 stones {throwing}
Armour
 a - a +0 robe (worn)
 q - an orb of energy
   (You found it on level 1 of the Dungeon)
Jewellery
 k - a ring of protection from fire
   (You found it on level 1 of the Dungeon)
 n - a ring of see invisible
   (You found it on level 1 of the Dungeon)
Scrolls
 c - a scroll of enchant weapon {unknown}
 g - 2 scrolls of identify {unknown}
 i - a scroll of silence {unknown}
 r - a scroll of magic mapping {unknown}
Potions
 b - a potion of magic
 h - 2 potions of flight

Dungeon Overview and Level Annotations

Branches:
Dungeon (1/15)

Altars:

######## ..^....# #.# # #.# #
#.# ### #.# #.'
#.########################.#
####.#........................#
..#.#.#######@g.............##
#.#.#.# #.wr..########....#
#.#.#.# #..b..# #....# #.....#
#....## #....# ###...# #.#+##
#....# #####...# .. #....#
##.......# ## ###... #........#
#### #≈......[..##.#####


You could see a dart slug, a hobgoblin (distracted, ally target), a friendly bat
(summoned) and a friendly rat (summoned).


Message History

Your bat barely misses the bat.
The bat hits you but does no damage.
Your rat bites the bat.
The bat dies!
Your bat disappears in a puff of smoke!
Key pressed, stopping explore.
r - a scroll labelled QYUM MIUCAUPH 😎 MP[+2]
Your mp is fully restored (5).
A hobgoblin comes into view.
The hobgoblin shouts!
Okay, then.
A dart slug comes into view.
Casting: Summon Small Mammal (safe; 3% risk of failure)
Confirm with . or Enter, or press ? or * to list all spells.
The hobgoblin barely misses you. 😎 MP[-1]
You lost 1 mp, and now have 4/5 mp.
You hit the hobgoblin. The hobgoblin closely misses you.
Your rat barely misses the hobgoblin.
You hit the hobgoblin.
The hobgoblin hits you but does no damage.
Your rat barely misses the hobgoblin.
Your rat bites the hobgoblin but does no damage.
You hit the hobgoblin but do no damage. The hobgoblin hits you.
The dart slug launches a dart at you. The slug dart misses you.
Your rat closely misses the hobgoblin.
Your rat bites the hobgoblin. 😕 HP[-2]
You take 2 damage, and now have 22/24 hp.
You barely miss the hobgoblin. The hobgoblin hits you.
The dart slug launches a dart at you. The slug dart hits you.
Your rat bites the hobgoblin but does no damage.
Your rat closely misses the hobgoblin. 😕 HP[-3]
You take 3 damage, and now have 19/24 hp.
You hit the hobgoblin but do no damage.
Your rat disappears in a puff of smoke!
The hobgoblin barely misses you.
Your rat closely misses the hobgoblin.
The dart slug launches a dart at you. The slug dart hits you. 😮 HP[-4]
You take 4 damage, and now have 15/24 hp.
You hit the hobgoblin but do no damage. The hobgoblin closely misses you.
Your rat barely misses the hobgoblin.
You barely miss the hobgoblin. The hobgoblin misses you.
The dart slug launches a dart at you. The slug dart hits you.
* * * LOW HITPOINT WARNING * * *
Your rat misses the hobgoblin. 😨 HP[-4]
You take 4 damage, and now have 11/24 hp.
You hit the hobgoblin but do no damage. The hobgoblin hits you.
* * * LOW HITPOINT WARNING * * *
Your rat bites the hobgoblin but does no damage. 😨 HP[-2]
You take 2 damage, and now have 9/24 hp.
Casting: Summon Small Mammal (safe; 3% risk of failure)
Confirm with . or Enter, or press ? or * to list all spells.
You don't know that spell.
Casting: Summon Small Mammal (safe; 3% risk of failure)
Confirm with . or Enter, or press ? or * to list all spells.
The hobgoblin hits you.
* * * LOW HITPOINT WARNING * * *
Your rat closely misses the hobgoblin. 😨 HP[-2] MP[-1]
You take 2 damage, and now have 7/24 hp.
You lost 1 mp, and now have 3/5 mp.
You closely miss the hobgoblin. Your punch misses the hobgoblin.
Your bat hits the hobgoblin but does no damage. 😨 MP[+1] It was a potion of attraction.
You feel attractive to monsters.
Your bat barely misses the hobgoblin.
The dart slug bites you.
* * * LOW HITPOINT WARNING * * *
Your rat misses the hobgoblin.
The hobgoblin is attracted toward you. 😱 HP[-1]
You take 1 damage, and now have 6/24 hp.
It was a potion of flight.
You feel very buoyant.
You fly up into the air.
Your bat hits the hobgoblin but does no damage.
Your bat barely misses the hobgoblin.
The hobgoblin completely misses your bat.
Your rat barely misses the hobgoblin.
It was a potion of might.
You feel very mighty all of a sudden.
Your bat barely misses the hobgoblin.
The hobgoblin misses your bat. The dart slug launches a dart at you.
The slug dart hits you.
* * * LOW HITPOINT WARNING * * *
Your rat misses the hobgoblin. 😱 HP[-4]
You take 4 damage, and now have 2/24 hp.
You hit the dart slug.
Your bat hits the hobgoblin but does no damage.
The hobgoblin hits your rat. The dart slug launches a dart at you.
The slug dart hits you.
You die...

Skill      XL: |  1 |
---------------+----+-----
Summonings     | 4 |  4.0
Dodging        | |  1.7
Stealth        | |  1.4
Spellcasting   | |  2.4
Evocations     | |  0.1

Action                   || total
-------------------------++-------
Melee: Unarmed           ||    20
 Cast: Summon Small Mamm ||    20
  Use: Potion            ||     3
Armor: Robe              ||    14
Dodge: Dodged            ||    20

Levels and vault maps discovered:
D:1:      ncdulo_lavacross, layout_basic, serial_rivers,
          chequers_serial_rivers_small_b, chequers_serial_rivers_room_b,
          chequers_serial_rivers_micro_b, chequers_serial_rivers_small_3,
          chequers_serial_rivers_room_a, nicolae_ecumenical_lake_church,
          chequers_serial_rivers_small_3

Notes
Turn   | Place    | Note
-------+----------+-------------------------------------------
     0 | D:1      | spaghetti the Ogre Summoner began the quest for the Orb.
     0 | D:1      | Reached XP level 1. HP: 16/16 MP: 3/3
     0 | D:1      | magus.rc [v1.9.6]
   153 | D:1      | Found a faded altar of an unknown god.
   702 | D:1      | Reached skill level 4 in Summonings
   702 | D:1      | Reached XP level 2. HP: 24/24 MP: 0/5
   833 | D:1      | HP: 6/24 [dart slug (1)]
   835 | D:1      | HP: 2/24 [dart slug/slug dart (4)]
   836 | D:1      | Killed from afar by a dart slug

Vanquished Creatures
  A bat (D:1)
1 creature vanquished.

Vanquished Creatures (collateral kills)
  A goblin (D:1)
  2 hobgoblins (D:1)
  A ball python (D:1)
  A bat (D:1)
  A kobold (D:1)
  A rat (D:1)
7 creatures vanquished.

Grand Total: 8 creatures vanquished

Table legend:
 A = Non-vault XP
 B = Vault XP
 C = Vault XP percentage of total XP
 D = Non-vault monster count
 E = Vault monster count
 F = Vault count percentage of total count
                 A         B        C        D         E       F
            +---------+---------+-------+---------+---------+-------
      Total |      11 |       0 |   0.0 |       8 |       0 |   0.0
            +---------+---------+-------+---------+---------+-------
        D:1 |      11 |       0 |   0.0 |       8 |       0 |   0.0
            +---------+---------+-------+---------+---------+-------

Illustrated notes

Table legend:
 A = Kills in this place as a percentage of kills in entire the game.
 B = Kills by you in this place as a percentage of kills by you in the entire game.
 C = Kills by friends in this place as a percentage of kills by friends in the entire game.
 D = Other kills in this place as a percentage of other kills in the entire game.
 E = Experience gained in this place as a percentage of experience gained in the entire game.
 F = Experience gained in this place divided by the number of levels of this place that you have seen.
                   A       B       C       D       E      F
               +-------+-------+-------+-------+-------+----------------------
         Total | 100.0 | 100.0 | 100.0 |   N/A | 100.0 |  11.0
       Dungeon | 100.0 | 100.0 | 100.0 |   N/A | 100.0 |  11.0
               +-------+-------+-------+-------+-------+----------------------

Table legend: (Time is in decaauts)
 A = Elapsed time spent in this place.
 B = Non-inter-level travel time spent in this place.
 C = Inter-level travel time spent in this place.
 D = Time resting spent in this place.
 E = Time spent auto-exploring this place.
 F = Levels seen in this place.
 G = Mean time per level.
                   A        B        C        D        E       F      G
               +--------+--------+--------+--------+--------+-----+--------+
         Total |    846 |    846 |      0 |      0 |    705 |   1 |  846.0 |
       Dungeon |    846 |    846 |      0 |      0 |    705 |   1 |  846.0 |
               +--------+--------+--------+--------+--------+-----+--------+

Top non-repeatable levels by time:
     D:1: 846 daAuts
